Map: Invader LE

Players

Coffee

  • Race: Zerg Zerg

Greg - Winner!

  • Race: Terran Terran
  • League: Master

VOD

Have the link to the VOD?

Description

Time

  • Played on: June 25, 2016, 9:41 p.m.
  • Length: 31:45
Show
View Real Time Build Order
Export as new Build Order

Coffee Zerg 

Build Orders: Hatch First 

Get SALT Encoding   

  12  0:01  Drone  
  13  0:13  Drone  
  14  0:25  Extractor  
  13  0:29  Drone  
  13  0:31  Overlord  
  15  0:51  Drone x3  
  18  1:02  Hatchery  
  17  1:18  Spawning Pool  
  16  1:19  Drone  
  16  1:22  Drone  
  18  1:29  Drone  
  18  1:32  Extractor  
  18  1:34  Drone  
  19  1:58  Drone x2  
  21  2:08  Drone  
  22  2:11  Extractor  
  22  2:13  Queen  
  22  2:14  Queen  
  22  2:15  Zergling x2  
  27  2:19  Overlord  
  27  2:26  Drone  
  28  2:37  Overlord  
  28  2:39  Drone x2  
  30  2:45  Roach Warren  
  30  2:47  Drone  
  30  2:49  Spine Crawler  
  29  2:53  Spine Crawler, Drone  
  28  3:00  Drone  
  28  3:02  Drone  
  30  3:09  Drone  
  31  3:13  Drone  
  31  3:16  Lair  
  31  3:18  Extractor  
  31  3:26  Drone x2, Queen  
  31  3:30  Roach  
  31  3:31  Roach  
  39  3:34  Roach  
  39  3:43  Roach x2, Drone  
  41  3:52  Drone  
  41  3:54  Roach  
  44  4:02  Roach  
  42  4:10  Roach, Extractor  
  42  4:11  Drone x2  
  39  4:22  Drone x3  
  42  4:25  Overlord, Extractor  
  41  4:32  Queen  
  41  4:35  Drone  
  41  4:37  Overlord  
  44  4:43  Overlord  
  44  4:51  Overlord  
  44  4:55  Drone x3  
  47  5:00  Spire  
  47  5:02  Drone  
  47  5:06  Roach  
  49  5:08  Roach  
  53  5:14  Roach  
  53  5:20  Roach x2  
  57  5:28  Drone x2  
  59  5:40  Drone x2  
  61  5:50  Drone x2  
  61  5:51  Overlord  
  61  5:53  Overlord  
  63  6:01  Nydus Network  
  63  6:03  Drone  
  64  6:04  Drone x3  
  66  6:13  Mutalisk x2  
  66  6:16  Mutalisk  
  72  6:22  Mutalisk  
  72  6:25  Mutalisk  
  76  6:33  Mutalisk  
  78  6:42  Drone  
  78  6:43  Drone x3  
  82  6:52  Drone x3  
  85  6:59  Mutalisk x2  
  85  7:00  Overlord  
  89  7:04  Nydus Canal  
  89  7:08  Hatchery  
  88  7:11  Mutalisk  
  88  7:13  Overlord x2  
  90  7:25  Nydus Canal  
  86  7:31  Mutalisk  
  86  7:34  Drone x8  
  86  7:35  Drone x2  
  88  7:46  Nydus Canal  
  84  7:53  Mutalisk  
  84  7:56  Mutalisk  
  78  8:00  Overlord  
  78  8:05  Roach x4  
  86  8:10  Roach  
  86  8:11  Roach  
  90  8:16  Overlord  
  90  8:18  Overlord  
  90  8:21  Mutalisk  
  90  8:22  Drone x2, Queen  
  96  8:31  Roach x3  
  102  8:45  Mutalisk x2  
  106  8:54  Overlord  
  90  9:03  Mutalisk x2  
  90  9:08  Drone  
  90  9:09  Drone x6  
  91  9:19  Extractor  
  91  9:20  Queen, Extractor  
  91  9:27  Mutalisk x2  
  95  9:36  Mutalisk  
  95  9:37  Drone x2  
  95  9:38  Drone x3  
  101  9:42  Hatchery  
  101  9:43  Overlord  
  101  9:49  Mutalisk x2  
  101  9:52  Hatchery  
  104  9:55  Mutalisk  
  106  10:00  Extractor x2  
  106  10:02  Hatchery  
  106  10:06  Mutalisk, Hatchery  
  104  10:09  Mutalisk  
  106  10:15  Drone x2  
  106  10:16  Drone  
  106  10:17  Drone x3  
  110  10:23  Mutalisk  
  110  10:27  Mutalisk  
  114  10:31  Mutalisk  
  114  10:32  Overlord  
  114  10:34  Mutalisk  
  118  10:41  Queen  
  118  10:42  Queen  
  122  10:44  Mutalisk  
  122  10:46  Mutalisk  
  122  10:48  Drone  
  122  10:49  Drone x3  
  130  10:55  Mutalisk  
  128  10:57  Mutalisk  
  126  11:04  Mutalisk  
  128  11:12  Mutalisk  
  130  11:20  Mutalisk x2  
  134  11:27  Extractor x2  
  134  11:29  Mutalisk x2  
  134  11:31  Extractor x2  
  134  11:34  Mutalisk  
  134  11:36  Drone x7  
  134  11:38  Drone x4  
  134  11:39  Drone x4  
  151  11:40  Overlord, Extractor  
  151  11:41  Overlord  
  151  11:42  Zerg Flyer Weapons Level 1  
  151  11:44  Metabolic Boost  
  151  11:46  Overlord  
  150  11:53  Mutalisk  
  150  12:02  Mutalisk x3  
  150  12:05  Mutalisk  
  150  12:07  Hatchery  
  143  12:09  Extractor  
  143  12:14  Mutalisk  
  143  12:15  Mutalisk  
  136  12:16  Hatchery  
  136  12:20  Overseer  
  136  12:21  Mutalisk  
  137  12:23  Zergling x2  
  137  12:24  Zergling x28  
  137  12:27  Mutalisk  
  154  12:32  Nydus Canal  
  155  12:38  Mutalisk x2  
  155  12:40  Mutalisk  
  160  12:46  Mutalisk  
  162  12:56  Mutalisk x3  
  162  13:00  Zergling x10  
  162  13:01  Zergling x10  
  162  13:04  Mutalisk  
  153  13:07  Mutalisk  
  144  13:14  Mutalisk  
  144  13:19  Zergling x2  
  145  13:20  Zergling x20  
  145  13:22  Mutalisk  
  157  13:31  Lair  
  157  13:34  Mutalisk  
  152  13:41  Mutalisk  
  149  13:50  Mutalisk  
  97  14:18  Zergling x2  
  97  14:19  Zergling x34  
  105  14:34  Drone  
  105  14:35  Drone x4  
  103  14:40  Burrow  
  103  14:42  Extractor  
  103  14:43  Spire, Extractor  
  100  14:50  Drone  
  100  14:51  Drone x10  
  110  14:53  Overlord x2  
  110  14:54  Overlord x2  
  110  15:14  Overlord  
  108  15:23  Nydus Network  
  108  15:28  Drone x4  
  110  15:29  Drone x2  
  110  15:31  Drone x3  
  110  15:32  Drone  
  109  15:37  Hatchery  
  109  15:39  Spawning Pool  
  109  15:42  Drone, Hatchery  
  107  15:43  Drone x5  
  105  15:51  Pneumatized Carapace, Overseer x2  
  105  15:53  Drone x6  
  111  15:58  Drone  
  111  15:59  Drone  
  111  16:10  Nydus Canal  
  111  16:11  Drone x2  
  110  16:18  Overlord  
  110  16:21  Overlord x2  
  110  16:22  Overlord  
  109  16:26  Overlord  
  109  16:31  Overlord  
  105  16:37  Mutalisk x2  
  101  16:42  Mutalisk x2  
  101  16:44  Hatchery  
  101  16:46  Mutalisk  
  99  16:53  Hatchery  
  78  16:56  Mutalisk x2  
  74  17:01  Mutalisk  
  68  17:15  Mutalisk x2  
  66  17:17  Drone  
  66  17:19  Drone x3  
  61  17:23  Drone  
  61  17:29  Nydus Network  
  60  17:33  Drone  
  60  17:35  Drone x3  
  60  17:36  Drone  
  64  17:43  Drone  
  63  17:47  Hatchery  
  61  17:52  Mutalisk x2  
  63  18:00  Drone x2  
  63  18:01  Drone  
  66  18:06  Nydus Canal  
  66  18:07  Drone x4  
  61  18:24  Drone x3  
  61  18:38  Drone x2  
  61  18:39  Extractor  
  61  18:40  Extractor  
  61  18:48  Drone x2  
  61  18:49  Drone  
  64  19:03  Drone x3  
  64  19:09  Spawning Pool  
  66  19:13  Drone x4  
  66  19:14  Drone  
  71  19:20  Drone  
  71  19:21  Drone x4  
  76  19:27  Drone x4  
  76  19:31  Drone x3  
  82  19:33  Drone  
  82  19:45  Drone x6  
  83  19:46  Drone x3  
  85  19:57  Extractor  
  85  19:58  Zergling x4, Extractor  
  85  19:59  Roach Warren, Zergling x12  
  89  20:03  Lair  
  89  20:10  Queen x2  
  89  20:11  Queen  
  94  20:15  Drone  
  94  20:16  Drone x4  
  94  20:20  Zergling x6  
  100  20:25  Baneling Nest  
  97  20:32  Zergling x10  
  102  20:37  Extractor  
  102  20:38  Extractor  
  100  20:46  Overlord  
  100  20:54  Zergling x4  
  100  20:55  Zergling x8  
  90  20:59  Zergling x2  
  90  21:04  Zergling x6  
  88  21:09  Hatchery  
  86  21:12  Spire  
  84  21:22  Zergling x6  
  84  21:23  Zergling x4  
  89  21:31  Drone x7  
  85  21:37  Baneling x5, Centrifical Hooks  
  85  21:38  Baneling  
  85  21:39  Zergling x4  
  87  21:47  Hatchery  
  87  21:48  Baneling x3  
  87  21:49  Baneling  
  87  21:52  Zergling x4  
  88  21:56  Zergling x2  
  88  21:57  Drone  
  88  21:58  Drone x4  
  94  22:05  Overlord x2  
  94  22:12  Zergling x4  
  96  22:22  Zergling x2  
  96  22:23  Queen, Zergling x4  
  100  22:31  Baneling x10  
  100  22:32  Mutalisk x6  
  100  22:34  Zergling x6  
  115  22:39  Mutalisk  
  115  22:40  Mutalisk  
  115  22:41  Zergling x2  
  116  22:49  Zergling x4  
  106  22:55  Mutalisk x3  
  106  22:56  Zergling x4  
  106  22:57  Zergling x2  
  113  23:01  Zergling x6  
  113  23:02  Mutalisk  
  115  23:06  Queen, Zergling x2  
  115  23:12  Zergling x2  
  117  23:13  Zergling x4  
  117  23:18  Drone x2  
  119  23:22  Drone  
  119  23:23  Drone x2, Queen  
  124  23:30  Zergling x6  
  124  23:31  Drone x2  
  124  23:33  Drone x2, Mutalisk  
  133  23:36  Baneling x7  
  133  23:37  Baneling  
  128  23:57  Spine Crawler, Drone x2, Spore Crawler  
  128  23:58  Drone x5  
  128  24:02  Overlord x5  
  128  24:03  Overlord x4  
  128  24:06  Hatchery  
  128  24:07  Mutalisk x2  
  128  24:08  Spawning Pool  
  127  24:20  Mutalisk  
  127  24:21  Mutalisk  
  130  24:28  Drone  
  130  24:29  Drone x11  
  142  24:34  Mutalisk  
  142  24:36  Baneling x2  
  143  24:42  Overlord  
  139  24:51  Drone x13  
  147  24:58  Overlord  
  147  25:00  Baneling  
  147  25:04  Overlord  
  134  25:07  Mutalisk x2  
  134  25:09  Zergling x8  
  134  25:12  Zergling x4  
  128  25:14  Zergling x2  
  128  25:20  Zergling x4  
  120  25:23  Zergling x8  
  104  25:35  Zergling x2  
  104  25:36  Zergling x16  
  104  25:42  Drone x4  
  107  25:43  Drone x2  
  109  25:55  Drone x4  
  109  25:56  Drone  
  110  25:57  Lair  
  108  26:05  Zergling x6  
  108  26:10  Zergling x4  
  99  26:12  Drone x3  
  99  26:13  Hatchery  
  99  26:16  Hatchery  
  99  26:17  Zergling x6  
  99  26:18  Zergling x2  
  89  26:25  Drone x2, Hatchery  
  88  26:27  Extractor  
  88  26:28  Extractor  
  80  26:33  Drone x2  
  80  26:36  Hatchery  
  80  26:37  Zergling x2  
  80  26:43  Zergling x4  
  80  26:44  Hatchery  
  81  26:50  Drone x3  
  81  26:53  Extractor  
  83  26:55  Extractor  
  83  26:56  Baneling Nest  
  83  27:00  Drone x2  
  83  27:01  Drone  
  84  27:03  Baneling x10  
  84  27:04  Spire  
  84  27:07  Drone, Queen  
  84  27:08  Queen  
  88  27:13  Hatchery  
  88  27:14  Drone x2  
  89  27:19  Hatchery  
  89  27:20  Zergling x2  
  89  27:23  Zergling x4  
  84  27:32  Zergling x6  
  84  27:33  Zergling x2  
  87  27:38  Drone x2  
  87  27:40  Baneling x6, Queen x2  
  87  27:43  Drone x2  
  95  27:47  Drone  
  95  27:49  Drone x3  
  99  27:54  Drone x3  
  99  27:56  Baneling x4  
  99  27:57  Drone, Baneling  
  96  28:07  Drone x5  
  96  28:08  Drone  
  95  28:14  Baneling  
  95  28:15  Baneling x4  
  95  28:18  Zergling x6  
  95  28:19  Zergling x10  
  86  28:32  Mutalisk x4  
  86  28:33  Zergling x4  
  86  28:34  Zergling x2  
  80  28:39  Zergling x4  
  80  28:40  Zergling x4  
  80  28:41  Zergling x2  
  77  28:42  Drone  
  63  28:51  Baneling x3  
  63  28:52  Baneling x3  
  63  28:55  Drone x3  
  57  28:57  Drone  
  54  29:04  Drone x3  
  55  29:10  Roach Warren  
  55  29:12  Drone  
  54  29:17  Drone x2  
  54  29:18  Drone  
  54  29:23  Drone  
  54  29:24  Drone  
  51  29:39  Drone x3  
  51  29:40  Drone  
  51  29:43  Drone x2  
  51  29:45  Baneling  
  57  29:57  Roach  
  57  29:58  Roach  
  61  30:01  Roach  
  65  30:07  Roach x2  
  65  30:11  Roach  
  69  30:19  Roach x3  
  65  30:29  Roach x4  
  65  30:30  Roach  
  65  30:31  Drone  
  76  30:44  Drone x2, Spawning Pool  
  76  30:45  Drone  
  76  30:46  Drone  
  76  30:52  Drone x2  
  68  30:57  Drone x2  
  68  30:59  Drone  
  68  31:02  Drone  
  68  31:11  Drone  
  68  31:12  Drone x2  
Show
View Real Time Build Order
Export as new Build Order

Greg Terran - Winner!

Build Orders:  

Get SALT Encoding   

  12  0:00  SCV  
  13  0:12  SCV  
  14  0:18  Supply Depot  
  14  0:25  SCV  
  15  0:39  SCV  
  16  0:43  Barracks  
  16  0:49  Refinery  
  16  0:51  SCV  
  17  1:01  Barracks  
  17  1:16  Barracks  
  17  1:29  Refinery  
  17  1:31  Reaper  
  18  1:45  Orbital Command  
  18  1:52  Reaper  
  19  2:00  Supply Depot  
  19  2:04  Reaper  
  20  2:10  Reaper  
  21  2:24  Reaper  
  21  2:28  Barracks  
  22  2:37  Reaper  
  23  2:40  SCV  
  23  2:42  Reaper  
  25  2:56  Reaper  
  26  2:59  Supply Depot  
  26  3:05  SCV  
  26  3:07  Engineering Bay  
  26  3:09  Reaper  
  28  3:15  Reaper x2  
  30  3:27  SCV  
  30  3:28  Reaper  
  32  3:34  Supply Depot  
  32  3:41  Reaper  
  33  3:47  Reaper  
  33  3:54  Reaper  
  34  4:04  Reaper  
  33  4:19  Reaper x2  
  33  4:26  Command Center  
  33  4:28  SCV  
  34  4:31  Supply Depot  
  34  4:40  Reaper  
  34  4:41  SCV  
  34  4:44  Supply Depot  
  37  4:49  Terran Infantry Weapons Level 1  
  36  4:53  SCV  
  36  4:56  Reaper  
  38  5:10  Reaper  
  38  5:14  Barracks  
  38  5:16  Reaper  
  39  5:27  Reaper  
  40  5:36  SCV  
  40  5:39  Supply Depot  
  41  5:43  Reaper  
  41  5:45  Refinery x2  
  41  5:48  SCV  
  42  5:54  Reaper  
  43  6:00  SCV  
  43  6:02  Supply Depot  
  43  6:04  Orbital Command  
  44  6:10  Reaper  
  45  6:12  SCV  
  45  6:14  Reaper  
  47  6:25  SCV  
  50  6:38  SCV  
  50  6:39  SCV  
  51  6:44  Missile Turret  
  53  6:50  Missile Turret  
  53  6:53  Missile Turret  
  48  6:54  Missile Turret  
  48  7:00  Missile Turret x2  
  48  7:03  SCV  
  48  7:04  SCV, Missile Turret  
  48  7:07  Marine x2  
  51  7:09  Marine  
  52  7:19  Marine  
  51  7:25  Marine  
  51  7:27  Marine x2  
  51  7:28  Marine  
  52  7:37  Marine  
  50  7:39  Missile Turret  
  50  7:42  Marine  
  50  7:45  Marine x2  
  50  7:54  Marine  
  44  8:00  Marine  
  44  8:03  Marine x2  
  42  8:09  Marine  
  42  8:12  Marine  
  42  8:20  Terran Infantry Armor Level 1  
  42  8:21  Marine x2  
  42  8:23  Factory  
  42  8:25  SCV x2  
  46  8:27  Marine  
  46  8:30  Bunker, Marine  
  48  8:39  Marine x2  
  48  8:40  SCV x2  
  50  8:53  Marine x3  
  48  9:09  SCV x2  
  48  9:12  Barracks Tech Lab  
  48  9:13  Barracks Tech Lab  
  48  9:19  Starport  
  48  9:20  Marine x2  
  48  9:21  SCV x2, Missile Turret  
  48  9:23  Missile Turret  
  52  9:33  SCV x2, Missile Turret  
  52  9:35  Combat Shields  
  52  9:37  Stimpack  
  54  9:40  Marine x4  
  58  9:45  SCV x2  
  58  9:47  Supply Depot  
  60  9:57  SCV  
  60  9:58  SCV, Marine x3  
  64  10:01  Factory Reactor  
  62  10:13  Marine  
  63  10:16  Marine x2  
  63  10:19  Marine  
  63  10:20  Medivac  
  68  10:26  Supply Depot  
  68  10:27  Supply Depot  
  66  10:31  Marine  
  66  10:33  Marine  
  66  10:35  Marine  
  69  10:37  Widow Mine, Marine  
  69  10:38  Widow Mine  
  69  10:42  Supply Depot x2  
  74  10:43  Armory  
  74  10:45  Supply Depot  
  74  10:48  Marine  
  75  10:51  Marine  
  75  10:55  Marine x2  
  74  11:05  SCV x2  
  74  11:06  Widow Mine x2, Marine  
  74  11:09  Marine  
  82  11:15  Marine x2  
  84  11:19  Barracks  
  84  11:23  Barracks  
  84  11:24  Marine  
  85  11:27  Medivac, Marine  
  85  11:30  Terran Infantry Weapons Level 2  
  88  11:33  Marine x2  
  90  11:40  Widow Mine x2  
  90  11:42  Marine  
  90  11:45  Marine  
  96  11:50  Marine x2  
  97  11:54  Supply Depot  
  97  11:56  Supply Depot  
  97  12:00  Marine  
  95  12:02  Marine  
  96  12:09  Widow Mine x2  
  98  12:21  SCV x2  
  100  12:24  Marine x3  
  100  12:29  Marine x3  
  106  12:37  Widow Mine x2  
  106  12:42  Marine x2  
  106  12:43  Marine  
  113  12:46  Marine x2  
  112  13:06  Marine x3  
  112  13:07  Widow Mine x2, Marine x2  
  112  13:09  Medivac  
  119  13:26  Marine x3  
  122  13:27  Missile Turret  
  122  13:28  Missile Turret  
  122  13:35  Widow Mine  
  122  13:36  Widow Mine  
  119  14:02  Medivac  
  121  14:04  Widow Mine x2  
  114  14:14  Marine  
  105  14:19  Marine x2  
  101  14:32  Widow Mine, Marine  
  101  14:36  Marine  
  101  14:37  Marine  
  105  14:50  Marine  
  106  15:18  Medivac  
  108  15:54  Supply Depot x2  
  104  16:57  Medivac  
  86  19:07  Orbital Command  
  83  19:56  Missile Turret  
  83  19:59  Missile Turret x2  
  83  20:05  Missile Turret  
  83  20:19  Marine x3  
  84  20:37  Marine x2  
  84  20:39  Widow Mine x2  
  90  20:44  Marine  
  90  20:45  SCV  
  90  20:46  Supply Depot  
  90  20:48  Supply Depot  
  92  21:06  Marine  
  92  21:07  Marine x2  
  92  21:08  Widow Mine x2  
  92  21:10  Supply Depot  
  96  21:13  Supply Depot  
  96  21:14  Bunker  
  96  21:24  Marine  
  96  21:34  Marine x2  
  96  21:36  Widow Mine x2, Marine x2  
  104  21:42  Marine  
  104  21:44  SCV  
  106  21:51  Medivac, Marine  
  106  21:52  Marine  
  110  21:55  Command Center  
  110  21:56  SCV  
  110  22:00  Marine x3  
  114  22:01  Marine  
  114  22:05  Widow Mine x2  
  119  22:09  Marine x2  
  119  22:26  Medivac  
  121  22:33  Widow Mine x2  
  121  22:36  Barracks Tech Lab x2  
  125  22:37  Marauder  
  124  22:48  Barracks Tech Lab  
  124  22:53  SCV  
  124  23:02  Widow Mine x2  
  126  23:08  Marine  
  126  23:09  Marine x2  
  126  23:10  Marauder x3  
  126  23:12  Starport Tech Lab  
  135  23:24  Missile Turret  
  135  23:28  Missile Turret  
  135  23:31  Missile Turret  
  135  23:35  Missile Turret  
  135  23:44  Marauder  
  135  23:47  Marauder  
  135  23:50  Supply Depot x2  
  135  24:11  Widow Mine x2  
  135  24:12  Marauder x2  
  135  24:16  Raven  
  135  24:24  Marine x3  
  135  24:25  Marauder  
  140  24:33  Marauder x2  
  140  24:34  Supply Depot  
  142  24:40  Widow Mine x2  
  142  24:42  Marine x3  
  145  24:46  Marine  
  138  25:02  Marine x3  
  138  25:03  Marine  
  133  25:09  Marine  
  133  25:10  Widow Mine  
  134  25:20  Marine  
  119  25:46  Missile Turret  
  119  25:47  Missile Turret  
  119  25:50  Missile Turret  
  119  25:51  Missile Turret  
  119  26:07  Widow Mine x2  
  122  26:24  Marine, Marauder x2  
  122  26:25  Marauder  
  128  26:37  Widow Mine  
  130  26:45  Marine x2  
  132  27:07  Widow Mine x2  
  133  27:34  Marine, Marauder x2  
  133  27:35  Marauder  
  135  27:50  Medivac  
  137  28:13  Marine x4  
  125  28:57  Widow Mine  
  127  29:24  Orbital Command  
  127  29:55  Missile Turret  
  127  29:56  Missile Turret x2  
  127  29:57  Missile Turret  
  127  30:10  Refinery  
  127  30:11  Refinery  
  125  30:28  Marine x2  
  125  30:29  Marine x2  
  129  30:46  Marine x2  
  129  30:47  Marine  
Tags
 
League
Master
Matchup
TvZ
Add a new tag
Caveats
  • Supply blocks, unpowered buildings, or Contaminate may cause inaccurate times.
  • Supply counts are checked every 10 seconds.